 Dungeon Crawl Stone Soup version 0.30-a0-12-gd8047c6341 (webtiles) character file.

Game seed: 4488769559304048208

2774 nickcage the Cleaver (level 9, -13/74 HPs)
             Began as a Minotaur Gladiator on Aug 23, 2022.
             Was a Priest of Qazlal.
             Shot with a bolt by an orc warrior (19 damage)
             ... on level 9 of the Dungeon.
             The game lasted 00:14:00 (6803 turns).

nickcage the Cleaver (Minotaur Gladiator)           Turns: 6803, Time: 00:14:00

Health: -13/74     AC:  4    Str: 23    XL:     9   Next: 42%
Magic:  8/8        EV:  7    Int:  5    God:    Qazlal [***...]
Gold:   437        SH: 17    Dex: 18    Spells: 8/8 levels left

rFire   + . .      SeeInvis +    a - +0 war axe
rCold   . . .      Faith    .    Q - +0 tower shield
rNeg    . . .      Spirit   .    y - +4 scale mail {rF+}
rPois   .          Reflect  .    c - +0 hat
rElec   .          Harm     .    (no cloak)
rCorr   .          Rampage  .    (no gloves)
Will    .....                    J - +0 pair of boots
Stlth   ..........               G - amulet of regeneration
HPRegen 1.02/turn                C - ring of see invisible
MPRegen 0.11/turn                K - +6 ring of dexterity

@: corroded
A: horns 2, retaliatory headbutt
a: Renounce Religion, Upheaval, Elemental Force


You were on level 9 of the Dungeon.
You worshipped Qazlal.
Qazlal was most pleased with you.
You visited 1 branch of the dungeon, and saw 9 of its levels.

You collected 437 gold pieces.

Inventory:

Hand Weapons
 a - a +0 war axe (weapon)
 x - a +3 falchion of flaming
Missiles
 d - 7 throwing nets
 e - a javelin
 s - 5 silver javelins (quivered)
Armour
 b - a +0 leather armour
 c - a +0 hat (worn)
 h - a +0 ring mail
 j - a +0 plate armour
 y - a +4 scale mail of fire resistance (worn)
 J - a +0 pair of boots (worn)
 Q - a +0 tower shield (worn)
Jewellery
 C - a ring of see invisible (left hand)
 G - an amulet of regeneration (around neck)
 K - a +6 ring of dexterity (right hand)
 M - a ring of flight
 P - a ring of wizardry
Wands
 H - a wand of iceblast (6)
 L - a wand of acid (12)
Scrolls
 g - 3 scrolls of butterflies
 i - 2 scrolls of torment {unknown}
 l - 8 scrolls of identify {unknown}
 m - a scroll of fear {unknown}
 n - a scroll of noise {unknown}
 o - 5 scrolls of teleportation {unknown}
 r - 2 scrolls of blinking {unknown}
 t - a scroll of silence {unknown}
 v - a scroll of amnesia {unknown}
 z - a scroll of acquirement {unknown}
 D - a scroll of vulnerability {unknown}
 I - a scroll of brand weapon {unknown}
 O - a scroll of poison {unknown}
Potions
 f - 4 potions of heal wounds
 k - 3 potions of cancellation {unknown}
 p - 4 potions of curing {unknown}
 q - 4 potions of might {unknown}
 u - 2 potions of magic {unknown}
 w - 3 potions of brilliance {unknown}
 A - a potion of attraction {unknown}
 B - 2 potions of resistance
 E - 2 potions of mutation {unknown}
 F - a potion of berserk rage {unknown}
 N - a potion of haste {unknown}
 R - a potion of ambrosia {unknown}


   Skills:
 + Level 5.2 Fighting
 + Level 14.1 Axes
 - Level 2.0 Throwing
 + Level 4.5 Armour
 - Level 3.2 Dodging
 * Level 1.4 Shields


You had 8 spell levels left.
You didn't know any spells.
Your spell library contained the following spells:

 Spells                   Type           Power      Damage    Failure   Level
 Apportation              Tloc           0%         N/A       100%        1
 Freeze                   Ice            0%         1d3       100%        1
 Magic Dart               Conj           0%         1d3       100%        1
 Necrotise                Necr           0%         1d4       100%        1
 Summon Small Mammal      Summ           0%         N/A       100%        1
 Ensorcelled Hibernation  Hex/Ice        0%         N/A       100%        2
 Searing Ray              Conj           0%         2d4       100%        2
 Frozen Ramparts          Ice            0%         1d1       100%        3
 Gell's Gravitas          Tloc           0%         N/A       100%        3
 Lesser Beckoning         Tloc           0%         N/A       100%        3
 Ozocubu's Armour         Ice            0%         N/A       100%        3
 Spider Form              Tmut/Pois      0%         N/A       100%        3
 Teleport Other           Tloc           0%         N/A       100%        3
 Anguish                  Hex/Necr       0%         N/A       100%        4
 Animate Dead             Necr           0%         N/A       100%        4
 Fulminant Prism          Conj/Hex       0%         3d6       100%        4
 Hailstorm                Conj/Ice       0%         3d3       100%        4
 Borgnjor's Vile Clutch   Necr/Erth      0%         N/A       100%        5
 Metabolic Englaciation   Hex/Ice        0%         N/A       100%        5
 Death Channel            Necr           0%         N/A       100%        6
 Simulacrum               Ice/Necr       0%         N/A       100%        6
 Ozocubu's Refrigeration  Ice            0%         4d7       100%        7


Dungeon Overview and Level Annotations

Branches:
Dungeon (9/15)             Temple (0/1) D:5
   Lair: D:8-11         Orc: D:9-12

Altars:
Cheibriados
Elyvilon
Fedhas
Makhleb
Nemelex Xobeh
Qazlal
Sif Muna
Xom

Annotations:
D:8 2 transporters


Innate Abilities, Weirdness & Mutations

You have a pair of horns on your head.
You reflexively headbutt those who attack you in melee.


Message History

You slash the acid dragon!
The acid dragon is heavily wounded.
You hit the orc warrior but do no damage.
You block the orc warrior's attack. The acid dragon spits acid at you.
The splash of acid hits you!!
* * * LOW HITPOINT WARNING * * *
The acid corrodes you! You block the orc warrior's attack.
It was a potion of heal wounds.
You feel much better. You block the acid dragon's attack.
The acid dragon completely misses you.
The orc warrior is struck by lightning.
The orc warrior hits you with a +0 halberd!
You hit the orc warrior.
The orc warrior is heavily wounded.
You hit the acid dragon but do no damage.
The acid dragon spits acid at you. The splash of acid hits you!!
* * * LOW HITPOINT WARNING * * *
You block the orc warrior's attack.
You hit the orc warrior.
The orc warrior is severely wounded.
You completely miss the acid dragon.
The acid dragon bites you but does no damage.
The acid dragon claws you but does no damage.
You block the orc warrior's attack. The acid dragon bites you.
* * * LOW HITPOINT WARNING * * *
You block the acid dragon's attack.
You feel much better. You block the orc warrior's attack.
The acid dragon spits acid at you. The splash of acid hits you!
* * * LOW HITPOINT WARNING * * *
The orc warrior unwields a +0 halberd.
The orc warrior wields a +0 arbalest.
The orc warrior shoots a bolt.
You block the bolt. You block the acid dragon's attack. x2
You see here a +0 hand axe.
The orc warrior shoots a bolt.
The bolt hits you!
* * * LOW HITPOINT WARNING * * *
There is a stone staircase leading up, spattered with blood here.
The orc warrior shoots a bolt.
The bolt hits you!!
You die...

############
#..........#
#..........#
+..........#
#..........#
#o>).......#
#..)D).....#
#..☼@.<.[..#
#....§.....#
###+########


You could see an orc warrior and an acid dragon (catching breath).

Vanquished Creatures
  Eustachio (D:4)
  A fire bat (D:4)
  A steam dragon (D:7)
  Menkaure (D:7)
  A water moccasin (D:8)
  Duvessa (D:7)
  An ice beast (D:5)
  A black bear (D:6)
  A sky beast (D:6)
  An ogre (D:7)
  2 centaurs
  2 phantoms
  A kobold brigand (D:8)
  A bullfrog (D:7)
  2 necrophages (D:4)
  2 gnoll sergeants (D:7)
  3 scorpions
  Dowan (D:7)
  A howler monkey (D:8)
  2 jellies
  2 orc priests
  3 hounds
  A gnoll bouda (D:5)
  Terence (D:3)
  3 iguanas (D:5)
  2 orc wizards (D:7)
  A mummy (D:4)
  Robin (D:3)
  21 gnolls
  2 adders
  An ufetubus (D:5)
  6 worms
  2 dart slugs
  8 orcs
  6 ball pythons
  5 endoplasms
  8 giant cockroaches
  11 hobgoblins
  7 jackals
  17 kobolds
  A quokka (D:2)
  13 bats
  A frilled lizard (D:3)
  17 goblins
  6 rats
  A bush (D:5)
174 creatures vanquished.

Notes
Turn   | Place    | Note
-------+----------+-------------------------------------------
     0 | D:1      | nickcage the Minotaur Gladiator began the quest for the
                  | Orb.
     0 | D:1      | Reached XP level 1. HP: 18/18 MP: 0/0
    98 | D:1      | Reached skill level 4 in Axes
   272 | D:1      | Found a faded altar of an unknown god.
   298 | D:1      | Reached XP level 2. HP: 25/25 MP: 1/1
   836 | D:2      | Reached skill level 5 in Axes
   850 | D:2      | Reached XP level 3. HP: 29/30 MP: 2/2
  1665 | D:3      | Found a stormy altar of Qazlal.
  1674 | D:3      | Became a worshipper of Qazlal Stormbringer
  1695 | D:3      | Reached XP level 4. HP: 37/37 MP: 3/3
  1700 | D:3      | Reached skill level 6 in Axes
  1872 | D:3      | Noticed Robin
  1873 | D:3      | Reached * piety under Qazlal
  1875 | D:3      | Killed Robin
  1929 | D:3      | Noticed Terence
  1940 | D:3      | Killed Terence
  1941 | D:3      | Reached skill level 7 in Axes
  1941 | D:3      | Reached XP level 5. HP: 31/42 MP: 4/4
  2556 | D:4      | Reached ** piety under Qazlal
  2588 | D:4      | Found a transporter.
  2593 | D:4      | Noticed a fire bat
  2606 | D:4      | Found a blossoming altar of Fedhas.
  2690 | D:4      | Reached skill level 8 in Axes
  2814 | D:4      | Reached XP level 6. HP: 42/51 MP: 5/5
  2870 | D:4      | Found a snail-covered altar of Cheibriados.
  2979 | D:4      | Noticed Eustachio
  2998 | D:4      | Killed Eustachio
  2999 | D:4      | Reached skill level 9 in Axes
  2999 | D:4      | Reached XP level 7. HP: 29/57 MP: 6/6
  3389 | D:4      | Found a white marble altar of Elyvilon.
  3532 | D:4      | Found a transporter.
  3548 | D:4      | Killed a fire bat
  3549 | D:4      | Reached skill level 10 in Axes
  3626 | D:5      | Entered Level 5 of the Dungeon
  3707 | D:5      | Found a sparkling altar of Nemelex Xobeh.
  3754 | D:5      | Found a shimmering blue altar of Sif Muna.
  3875 | D:5      | Found a staircase to the Ecumenical Temple.
  3914 | D:5      | Reached skill level 11 in Axes
  3914 | D:5      | Reached XP level 8. HP: 60/66 MP: 7/7
  4434 | D:5      | Found a burning altar of Makhleb.
  4726 | D:6      | Reached skill level 12 in Axes
  4862 | D:6      | Reached skill level 5 in Fighting
  5174 | D:7      | Reached skill level 1 in Armour
  5219 | D:7      | Noticed Menkaure
  5227 | D:7      | Reached *** piety under Qazlal
  5230 | D:7      | Killed Menkaure
  5231 | D:7      | Reached skill level 13 in Axes
  5580 | D:7      | Noticed Dowan
  5582 | D:7      | Noticed Duvessa
  5598 | D:7      | Killed Duvessa
  5599 | D:7      | Reached XP level 9. HP: 58/74 MP: 8/8
  5614 | D:7      | Killed Dowan
  6277 | D:8      | Found a shimmering altar of Xom.
  6347 | D:8      | Reached skill level 14 in Axes
  6347 | D:8      | Reached skill level 1 in Shields
  6507 | D:8      | Found a transporter.
  6517 | D:8      | Found a transporter.
  6803 | D:9      | Shot with a bolt by an orc warrior

Illustrated notes

Levels and vault maps discovered:
D:1:      dpeg_arrival_pits, layout_basic, ebering_ecumenical_altar_webs,
          minmay_misc_feat_roman, kennysheep_small_spiral
D:2:      layout_loops_ring
D:3:      layout_loops_cross, nicolae_qazlal_scattered_showers,
          kennysheep_another_room, nicolae_wormholes, uniq_robin, uniq_terence
D:4:      gammafunk_cloud_chamber, layout_basic, slow_altar_1,
          marbit_many_paths, mainiacjoe_overflow_paths, uniq_eustachio
D:5:      layout_rooms, mainiacjoe_overflow_two_lobes,
          nicolae_overflow_hidden_temple, minmay_temple_entry_statues_fountains,
          kb_lookout_dungeons_type, minmay_diced_spiral
D:6:      layout_basic
D:7:      layout_basic, uniq_menkaure, uniq_duvessa
D:8:      gammafunk_steamed_eel, layout_basic, mainiacjoe_overflow_boulevard,
          kennysheep_generic_room_12
D:9:      layout_roguey, enter_bailey_2

Skill      XL: |  1  2  3  4  5  6  7  8  9 |
---------------+----------------------------+-----
Axes           | 4 5 7 8 9 11 13 14 | 14.1
Fighting       | 3 4 5 |  5.2
Armour         | 3 4 |  4.5
Shields        | 1 |  1.4
Throwing       | |  2.0
Dodging        | |  3.2

Action                   |  1- 3 |  4- 6 |  7- 9 || total
-------------------------+-------+-------+-------++-------
Melee: War axe           |   111 |   123 |   226 ||   460
       Headbutt          |    13 |    22 |    61 ||    96
       Punch             |       |     3 |     1 ||     4
Throw: Javelin           |     2 |     5 |     3 ||    10
  Use: Scroll            |       |       |     1 ||     1
       Potion            |       |       |     2 ||     2
Armor: Ring mail         |     9 |       |       ||     9
       Plate armour      |    97 |    44 |       ||   141
       Scale mail        |       |    34 |    66 ||   100
Dodge: Dodged            |    44 |    69 |    89 ||   202
Block: Other             |       |     4 |    23 ||    27
       Tower shield      |       |       |    37 ||    37

Table legend: (Time is in decaauts)
 A = Elapsed time spent in this place.
 B = Non-inter-level travel time spent in this place.
 C = Inter-level travel time spent in this place.
 D = Time resting spent in this place.
 E = Time spent auto-exploring this place.
 F = Levels seen in this place.
 G = Mean time per level.
                   A        B        C        D        E       F      G
               +--------+--------+--------+--------+--------+-----+--------+
         Total |   6833 |   6493 |    340 |    345 |   5078 |   9 |  759.2 |
       Dungeon |   6833 |   6493 |    340 |    345 |   5078 |   9 |  759.2 |
               +--------+--------+--------+--------+--------+-----+--------+

Top non-repeatable levels by time:
     D:4: 1144 daAuts
     D:7: 1002 daAuts
     D:2: 952 daAuts
     D:5: 901 daAuts
     D:3: 839 daAuts
     D:1: 738 daAuts
     D:6: 629 daAuts
     D:8: 607 daAuts
     D:9: 16 daAuts
